 Dungeon Crawl Stone Soup version 0.23-a0-241-g3b46b07 (console) character file.

677 nht the Digger (level 7, -1/41 HPs)
             Began as an Octopode Earth Elementalist on Sept 27, 2018.
             Slain by an orc wizard
             ... wielding a +0 dagger
              (3 damage)
             ... on level 4 of the Dungeon.
             The game lasted 00:07:04 (3753 turns).

nht the Digger (Octopode Earth Elementalist)        Turns: 3753, Time: 00:07:04

Health: -1/41      AC:  1    Str:  7    XL:     7   Next: 60%
Magic:  1/10       EV: 13    Int: 19    God:
Gold:   179        SH:  5    Dex: 13    Spells: 1/10 levels left

rFire    . . .     SeeInvis .     - Unarmed
rCold    . . .     Gourm    .   (no shield)
rNeg     . . .     Faith    .   (helmet restricted)
rPois    .         Spirit   .   l - +5 amulet of reflection
rElec    .         Reflect  +   (no ring)
rCorr    .         Harm     .   (no ring)
MR       .....                  (no ring)
Stlth    +++.......             (no ring)
HPRegen  0.13/turn              (no ring)
MPRegen  0.12/turn              (no ring)
                                (no ring)
                                (no ring)

@: very slightly contaminated
A: almost no armour, stealthy swim, amphibious, 8 rings, constrict 8, camouflage
1, gelatinous body 1
a: no special abilities


You were on level 4 of the Dungeon.
You were hungry.

You visited 1 branch of the dungeon, and saw 4 of its levels.

You collected 179 gold pieces.

Inventory:

Armour
 h - a +0 large shield
Jewellery
 i - an uncursed amulet of harm
 l - a +5 amulet of reflection (around mantle)
Scrolls
 d - 6 scrolls of identify
 e - 4 scrolls of remove curse
 g - 3 scrolls of teleportation {unknown}
 j - a scroll of enchant weapon {unknown}
 k - a scroll of fog {unknown}
Potions
 f - 2 potions of curing
Comestibles
 c - 8 rations


   Skills:
 - Level 2.1 Dodging
 - Level 3.0 Stealth
 - Level 3.4 Shields
 + Level 5.1 Unarmed Combat
 - Level 2.1 Spellcasting
   Level 1.0 Transmutations
 - Level 5.3 Earth Magic


You had one spell level left.
You knew the following spells:

 Your Spells              Type           Power        Failure   Level  Hunger
a - Sandblast             Erth           ###...       1%          1    #......
b - Lee's Rapid Deconstr  Erth           ###.......   45%         5    ######.
c - Stone Arrow           Conj/Erth      ##....       17%         3    ###....

Your spell library contained the following spells:

 Spells                   Type           Power        Failure   Level  Hunger
 Beastly Appendage        Tmut           #.....       11%         1    #......
 Passwall                 Tmut/Erth      ##......     7%          2    ##.....
 Sticks to Snakes         Tmut           #.......     17%         2    ##.....
 Spider Form              Tmut/Pois      #.........   38%         3    ###....
 Petrify                  Tmut/Erth      ##......     41%         4    #####..
 Ice Form                 Ice/Tmut       #.......     80%         4    #####..
 Blade Hands              Tmut           #.........   97%         5    ######.


Dungeon Overview and Level Annotations

Branches:
Dungeon (4/15)
 Temple: D:4-7

Altars:


Innate Abilities, Weirdness & Mutations

You cannot wear most types of armour.
You are very stealthy in the water. (Stealth+)
You are amphibious.
You can wear up to eight rings at the same time.
You can use your tentacles to constrict eight enemies at once.
Your skin changes colour to match your surroundings (Stealth+).
Your rubbery body absorbs attacks. (AC +1, EV +1)


Message History

Aim: an orc wizard, wielding a dagger and wearing a robe (fast)
You miscast Stone Arrow.
You are very lightly contaminated with residual magic.
You feel a strange surge of energy!
You are feeling hungry.
The orc wizard gestures at you while chanting.
The puff of flame reflects off an invisible shield around you!
The puff of flame hits the orc wizard.
You tentacle-slap the orc wizard but do no damage.
Your grab misses the orc wizard. Your squeeze misses the orc wizard.
The orc wizard is almost dead.
The orc wizard points at you and mumbles some strange words.
The puff of frost hits you!
* * * LOW HITPOINT WARNING * * *
You closely miss the orc wizard. Your grab misses the orc wizard.
The orc wizard is almost dead.
The orc wizard hits you with a dagger.
* * * LOW HITPOINT WARNING * * *
The orc wizard hits you with a dagger.
You die...

...█..█....████████........█.███.
████.......█ █...██████...).
....█.██...█ █...██ █████.
███.█......█ █....█ █.
███.█████.████ █....█ ██████.
.............██ █....████......
....███.......█ ███.█.....████<
....█ █.████..█████ █.█[....████.
....█ █.██...))o@.███.█........█.
..█.█ █.......(██.█.........██.█.
..█.█ █........██...███....(.....
███.█ █.█..██..████.█ █.██████.██
....█ █.█....<.█ █.███.█ █.█


█████ █.█.██...█ █.....██████.█ █.█.██...█████.█████.....█
█........██.......██.█████ ██████.████.......██.█ You could see an orc wizard.

Vanquished Creatures
  Sigmund (D:4)
  Blork the orc (D:4)
  2 scorpions (D:3)
  A howler monkey (D:4)
  4 orc wizards
  An iguana (D:4)
  3 worker ants (D:4)
  Robin (D:2)
  An adder (D:3)
  An ooze (D:1)
  3 dart slugs
  11 orcs
  4 bats
  3 giant cockroaches
  16 goblins
  11 hobgoblins
  3 jackals (D:3)
  7 kobolds
  2 quokkas
  2 ball pythons
  2 frilled lizards
  A jackal skeleton (D:4)
  10 rats
91 creatures vanquished.

Notes
Turn   | Place    | Note
-------+----------+-------------------------------------------
     0 | D:1      | nht the Octopode Earth Elementalist began the quest for the
                  | Orb.
     0 | D:1      | Reached XP level 1. HP: 11/11 MP: 3/3
   172 | D:1      | Reached XP level 2. HP: 17/17 MP: 1/5
   510 | D:1      | Reached XP level 3. HP: 21/21 MP: 1/6
   999 | D:2      | Noticed Robin
  1033 | D:2      | Killed Robin
  1033 | D:2      | Reached skill level 1 in Shields
  1224 | D:2      | Reached XP level 4. HP: 27/27 MP: 4/7
  1879 | D:3      | Reached XP level 5. HP: 24/31 MP: 4/8
  1984 | D:3      | Reached skill level 5 in Earth Magic
  1999 | D:3      | Learned a level 5 spell: Lee's Rapid Deconstruction
  2150 | D:3      | Reached XP level 6. HP: 36/36 MP: 4/9
  2231 | D:3      | Reached skill level 1 in Unarmed Combat
  2697 | D:4      | Noticed Blork the orc
  2712 | D:3      | Learned a level 3 spell: Stone Arrow
  3082 | D:4      | Killed Blork the orc
  3183 | D:4      | Reached XP level 7. HP: 27/41 MP: 3/10
  3463 | D:4      | Noticed Sigmund
  3517 | D:4      | Killed Sigmund
  3517 | D:4      | Reached skill level 5 in Unarmed Combat
  3753 | D:4      | HP: 2/41 [orc wizard/dagger (3)]
  3753 | D:4      | Slain by an orc wizard

Vault maps used:
D:1:      dpeg_arrival_fog
D:2:      uniq_robin
D:4:      first_ration, uniq_sigmund, uniq_blork_the_orc

Skill      XL: |  1  2  3  4  5  6  7 |
---------------+----------------------+-----
Stealth        | 3 |  3.0
Shields        | 1 2 3 |  3.4
Earth Magic    | 4 5 |  5.3
Unarmed Combat | 3 5 |  5.1
Dodging        | |  2.1
Spellcasting   | |  2.1
Transmutations | |  1.0

Action                   |  1- 3 |  4- 6 |  7- 9 || total
-------------------------+-------+-------+-------++-------
Melee: Unarmed           |       |    35 |    45 ||    80
       Constrict         |       |     7 |     9 ||    16
       Tentacles         |       |     7 |     5 ||    12
Throw: Stone             |     1 |       |       ||     1
 Cast: Sandblast         |    50 |    54 |       ||   104
       Stone Arrow       |       |     9 |     9 ||    18
  Use: Scroll            |     2 |     3 |       ||     5
 Stab: Sleeping          |       |     4 |       ||     4
       Distracted        |       |       |     1 ||     1
  Eat: Chunk             |     1 |     7 |     4 ||    12
Armor: Skin              |       |       |     1 ||     1
Dodge: Dodged            |     4 |    17 |    25 ||    46
Block: Other             |       |     6 |     7 ||    13
       Reflection        |       |       |     2 ||     2

Table legend:
 A = Non-vault XP
 B = Vault XP
 C = Vault XP percentage of total XP
 D = Non-vault monster count
 E = Vault monster count
 F = Vault count percentage of total count
                 A         B        C        D         E       F
            +---------+---------+-------+---------+---------+-------
      Total |     626 |     342 |  35.3 |      77 |      14 |  15.4
            +---------+---------+-------+---------+---------+-------
        D:1 |      40 |       0 |   0.0 |      20 |       0 |   0.0
        D:2 |      25 |      35 |  58.3 |      15 |      12 |  44.4
        D:3 |     272 |       0 |   0.0 |      24 |       0 |   0.0
        D:4 |     289 |     307 |  51.5 |      18 |       2 |  10.0
            +---------+---------+-------+---------+---------+-------
